AoeStats
← Scotland111

Hideout

508838006Analyzed
1v1 RM · 7d ago on Sep 24, 2026· 22m 27s· 2 players
Game mode
Random Map
Map size
Tiny (2 player)
Population
200
Speed
Normal
Resources
Standard
Victory
Conquest
Starting age
Dark Age
Ending age
Imperial Age
RankedLock teamsTeams togetherTeam positionsShared explorationLock speedFull tech treeHidden civsTurbo modeCheats
Victory
Defeat
🇬🇧 Bulgarians · United Kingdom
807
+16
🇲🇽 Sicilians · Mexico
803
-16
Carlos Card Captor
2:02 Loom
10:20 Feudal Age
10:47 Double-Bit Axe
10:44 Horse Collar
16:27 Bloodlines
17:02 Forging
17:29 Scale Barding Armor
19:29 Man-at-Arms
21:18 Scale Mail Armor
Scotland111
11:13 Feudal Age
11:43 Double-Bit Axe
11:41 Horse Collar
17:08 Forging
16:58 Scale Mail Armor
22:04 Castle Age
23:20 Iron Casting
23:01 Chain Mail Armor
22:37 Gambesons
22:54 Squires
Connection lost

Rejoining the realm…

Still unreachable

The connection could not be restored.

Session expired

The server has moved on; the page needs a fresh start.